 Dungeon Crawl Stone Soup version 0.28.0 (webtiles) character file.

Game seed: 1970720629455069575

1985 PoweredByGinger the Cleaver (level 9, -2/68 HPs)
             Began as a Minotaur Gladiator on Feb 7, 2022.
             Was an Initiate of Makhleb.
             Slain by a gargoyle (16 damage)
             ... on level 7 of the Dungeon.
             The game lasted 00:09:54 (8671 turns).

PoweredByGinger the Cleaver (Minotaur Gladiator)    Turns: 8671, Time: 00:09:55

Health: -2/68      AC: 15    Str: 22    XL:     9   Next: 1%
Magic:  8/8        EV: 12    Int:  5    God:    Makhleb [......]
Gold:   300        SH:  0    Dex: 18    Spells: 8/8 levels left

rFire   . . .      SeeInvis .   a - +0 war axe
rCold   . . .      Faith    .   (no shield)
rNeg    . . .      Spirit   .   s - +4 ring mail of the Chupacabra {Fly Dex+5}
rPois   .          Reflect  .   c - +0 hat
rElec   .          Harm     .   (no cloak)
rCorr   .          Rampage  .   p - +0 pair of gloves
Will    .....                   A - +2 pair of boots
Stlth   ++........              (no amulet)
HPRegen 0.21/turn               (no ring)
MPRegen 0.11/turn               (no ring)

@: flying
A: horns 2, retaliatory headbutt
a: Renounce Religion


You were on level 7 of the Dungeon.
You worshipped Makhleb.
Makhleb was noncommittal.
You visited 2 branches of the dungeon, and saw 8 of its levels.

You collected 300 gold pieces.

Inventory:

Hand Weapons
 a - a +0 war axe (weapon)
Missiles
 d - 3 throwing nets (quivered)
 y - 13 poisoned darts
 E - 60 bolts
Armour
 c - a +0 hat (worn)
 o - a +0 plate armour
 p - a +0 pair of gloves (worn)
 s - the +4 ring mail of the Chupacabra (worn) {Fly Dex+5}
   (You found it on level 3 of the Dungeon)

   Dex:       It affects your dexterity (+5).
   Fly:       It grants you flight.
 A - a +2 pair of boots (worn)
Jewellery
 m - a ring of fire
 B - a ring of flight
Wands
 D - a wand of iceblast (8)
Scrolls
 b - 2 scrolls of teleportation {unknown}
 g - 2 scrolls of immolation {unknown}
 h - a scroll of vulnerability {unknown}
 i - 4 scrolls of identify {unknown}
 k - 3 scrolls of enchant weapon {unknown}
 n - a scroll of summoning {unknown}
 r - 2 scrolls of blinking {unknown}
 t - a scroll of amnesia {unknown}
Potions
 e - 2 potions of curing
 f - a potion of lignification
 j - 2 potions of heal wounds
 l - a potion of flight {unknown}
 q - 2 potions of ambrosia {unknown}
 u - 2 potions of degeneration {unknown}
 v - a potion of brilliance {unknown}
 w - a potion of attraction {unknown}
 x - a potion of mutation {unknown}
 z - 2 potions of might {unknown}
 C - a potion of invisibility {unknown}


   Skills:
 - Level 2.4 Fighting
 + Level 11.9 Axes
 - Level 2.0 Throwing
 + Level 7.5 Armour
 - Level 3.2 Dodging
 + Level 2.0 Stealth


You had 8 spell levels left.
You didn't know any spells.
Your spell library contained the following spells:

 Spells                   Type           Power      Damage    Failure   Level
 Animate Skeleton         Necr           0%         N/A       63%         1
 Blink                    Tloc           0%         N/A       77%         2
 Confusing Touch          Hex            0%         N/A       94%         3
 Lesser Beckoning         Tloc           0%         N/A       94%         3
 Petrify                  Tmut/Erth      0%         N/A       100%        4
 Manifold Assault         Tloc           0%         N/A       100%        5
 Metabolic Englaciation   Hex/Ice        0%         N/A       100%        5
 Yara's Violent Unravell  Hex/Tmut       0%         3d3       100%        5
 Statue Form              Tmut/Erth      0%         N/A       100%        6
 Enfeeble                 Hex            0%         N/A       100%        7


Dungeon Overview and Level Annotations

Branches:
Dungeon (7/15)             Temple (1/1) D:5

Altars:
Ashenzari
Cheibriados
Dithmenos
Elyvilon
Fedhas
Gozag
Hepliaklqana
Kikubaaqudgha
Makhleb
Okawaru
Qazlal
Ru
Sif Muna
Trog
Uskayaw
Wu Jian
Xom
The Shining One

Shops:
D:6 (

Annotations:
D:2 1 runed translucent door, Crazy Yiuf


Innate Abilities, Weirdness & Mutations

You have a pair of horns on your head.
You reflexively headbutt those who attack you in melee.


Message History

You barely miss the gargoyle.
The gargoyle is heavily damaged.
You hit the gargoyle.
The gargoyle is almost destroyed.
The gargoyle hurls a stone arrow at you.
The stone arrow hits you!
You are too injured to fight recklessly!
You are too injured to fight recklessly!
You hit the gargoyle but do no damage. Your headbutt misses the gargoyle.
The gargoyle is severely damaged.
The gargoyle hits you but does no damage.
You hit the gargoyle but do no damage.
You headbutt the gargoyle, but do no damage.
The gargoyle is severely damaged.
The gargoyle closely misses you. You furiously retaliate!
You headbutt the gargoyle, but do no damage.
You hit the gargoyle.
You headbutt the gargoyle, but do no damage.
The gargoyle is almost destroyed.
The gargoyle hits you with a +0 morningstar!
* * * LOW HITPOINT WARNING * * *
You hit the gargoyle but do no damage.
The gargoyle is almost destroyed.
The gargoyle closely misses you.
You hit the gargoyle.
You headbutt the gargoyle, but do no damage.
The gargoyle is almost destroyed.
The gargoyle hurls a stone arrow at you.
The stone arrow misses you.
You hit the gargoyle but do no damage.
The gargoyle is almost destroyed.
The gargoyle hits you with a +0 morningstar.
* * * LOW HITPOINT WARNING * * *
You hit the gargoyle but do no damage.
The gargoyle is almost destroyed.
The gargoyle barely misses you.
You barely miss the gargoyle. Your headbutt misses the gargoyle.
The gargoyle is almost destroyed.
The gargoyle hits you with a +0 morningstar!
You die...

+###.# .......
.....# .......
.....# .......
.....# .......
.....# .......
.....## ##.......
.###..# #))......
.####.### ###9#
........#######.@.#
)).#.##...)...†.###
)..#.######....##
.######≈≈##....#
###§#⌠##≈##))..#
#≈≈≈§§#≈##.)..#
##≈§§§§#≈##....#
#⌠≈..§§#≈......#
##≈._..'.......#


You could see a gargoyle.

Vanquished Creatures
  A gargoyle (D:7)
  Sigmund (D:5)
  2 water moccasins
  2 centaurs (D:7)
  A bullfrog (D:7)
  2 kobold brigands
  A water moccasin skeleton (D:5)
  5 howler monkeys (D:7)
  2 centaur zombies (D:6)
  A bullfrog zombie (D:5)
  3 hounds
  A bullfrog skeleton (D:5)
  5 orc priests
  Jessica (D:2)
  3 iguanas
  3 orc wizards (D:5)
  A hound skeleton (D:5)
  3 gnolls (D:3)
  6 adders
  A worm (D:3)
  20 orcs
  4 ball pythons
  8 bats
  6 endoplasms
  3 giant cockroaches
  7 goblins
  8 hobgoblins
  18 kobolds
  3 quokkas
  2 frilled lizards (D:1)
  10 rats
134 creatures vanquished.

Notes
Turn   | Place    | Note
-------+----------+-------------------------------------------
     0 | D:1      | PoweredByGinger the Minotaur Gladiator began the quest for
                  | the Orb.
     0 | D:1      | Reached XP level 1. HP: 18/18 MP: 0/0
    98 | D:1      | Reached skill level 4 in Axes
   234 | D:1      | Reached XP level 2. HP: 25/25 MP: 1/1
   506 | D:1      | Found a faded altar of an unknown god.
   759 | D:1      | Got Plato's Papyrus of Evil Arts
   892 | D:1      | Reached skill level 5 in Axes
   895 | D:1      | Reached XP level 3. HP: 21/30 MP: 2/2
  1607 | D:2      | Reached skill level 1 in Armour
  1849 | D:2      | Noticed Jessica
  1860 | D:2      | Killed Jessica
  1861 | D:2      | Reached XP level 4. HP: 28/37 MP: 3/3
  2313 | D:2      | Found a runed translucent door.
  2314 | D:2      | Noticed Crazy Yiuf
  2518 | D:2      | You fall into a shaft and drop 1 floor!
  2796 | D:3      | Found a shimmering altar of Xom.
  2797 | D:3      | Found a shimmering altar of Xom.
  2798 | D:3      | Found a shimmering altar of Xom.
  2798 | D:3      | Found a shimmering altar of Xom.
  2799 | D:3      | Found a shimmering altar of Xom.
  2851 | D:3      | Found a hazy altar of Hepliaklqana.
  3130 | D:3      | Identified the +4 ring mail of the Chupacabra {Fly Dex+5}
  3160 | D:3      | Reached skill level 6 in Axes
  3306 | D:3      | Reached XP level 5. HP: 42/42 MP: 4/4
  3897 | D:4      | Found a white marble altar of Elyvilon.
  4333 | D:5      | Entered Level 5 of the Dungeon
  4436 | D:5      | Found a shimmering blue altar of Sif Muna.
  4436 | D:5      | Found a stormy altar of Qazlal.
  4570 | D:5      | Reached skill level 7 in Axes
  4570 | D:5      | Reached XP level 6. HP: 45/50 MP: 5/5
  5102 | D:5      | Found a staircase to the Ecumenical Temple.
  5257 | D:5      | Noticed Sigmund
  5396 | D:6      | Reached skill level 5 in Armour
  5472 | D:6      | Reached skill level 8 in Axes
  5472 | D:6      | Reached XP level 7. HP: 49/56 MP: 6/6
  6542 | D:6      | Found a shadowy altar of Dithmenos.
  6665 | D:6      | Reached skill level 9 in Axes
  6782 | D:6      | Found Ugecoug's Weapon Shoppe.
  6995 | D:7      | Identified the +5 flail "Urai" {speed, rC+ Str+2}
  7002 | D:7      | Reached skill level 1 in Stealth
  7002 | D:7      | Reached XP level 8. HP: 57/62 MP: 7/7
  7011 | D:7      | Reached skill level 10 in Axes
  7212 | D:5      | Found a burning altar of Makhleb.
  7300 | D:5      | Found a hide-covered altar of Uskayaw.
  7896 | Temple   | Entered the Ecumenical Temple
  8279 | D:5      | Killed Sigmund
  8290 | D:5      | Became a worshipper of Makhleb the Destroyer
  8470 | D:7      | Found a bloodstained altar of Trog.
  8529 | D:7      | Noticed a gargoyle
  8541 | D:7      | Killed a gargoyle
  8542 | D:7      | Reached skill level 11 in Axes
  8650 | D:7      | Noticed a gargoyle
  8652 | D:7      | Reached XP level 9. HP: 58/68 MP: 8/8
  8671 | D:7      | Slain by a gargoyle

Illustrated notes

Levels and vault maps discovered:
D:1:      dpeg_arrival_ratfight, layout_loops_corners,
          shapermc_ecumenical_altar_rom_forum
D:2:      layout_basic, uniq_crazy_yiuf_cottage, uniq_jessica
D:3:      layout_basic, xom_redecorated, nzn_hepliaklqana_mist_gate
D:4:      layout_gridville, lemuel_tele_altar
D:5:      layout_cave_pods, lemuel_round_altar, mainiacjoe_overflow_chevrons,
          gammafunk_temple_overflow_elements, minmay_temple_entry_from_below_a,
          uniq_sigmund
D:6:      layout_cave_pods, nicolae_overflow_hidden_temple, serial_shops, shop
D:7:      cheibrodos_statue_roulette, layout_basic, lightli_temple_of_fire
Temple:   compressed_dpeg_triangle_lava_temple

Skill      XL: |  1  2  3  4  5  6  7  8 |
---------------+-------------------------+-----
Axes           | 4 5 6 7 8 9 11 | 11.9
Armour         | 1 3 5 6 7 |  7.5
Stealth        | 1 2 |  2.0
Fighting       | |  2.4
Throwing       | |  2.0
Dodging        | |  3.2

Action                   |  1- 3 |  4- 6 |  7- 9 || total
-------------------------+-------+-------+-------++-------
Melee: War axe           |    82 |   128 |   130 ||   340
       Headbutt          |     5 |    25 |    28 ||    58
       Punch             |     2 |     2 |     2 ||     6
Throw: Throwing net      |       |       |     1 ||     1
  Use: Potion            |       |     1 |     3 ||     4
 Stab: Held in net/web   |       |       |     1 ||     1
Armor: Leather armour    |    15 |       |       ||    15
       Ring mail         |     5 |    42 |    62 ||   109
       Plate armour      |     1 |    21 |       ||    22
       Skin              |       |       |    21 ||    21
Dodge: Dodged            |    51 |    72 |    81 ||   204
